Map: Prion Terraces

Players

Solipsis

  • Race: Terran Terran
  • League: Silver

Jack - Winner!

  • Race: Zerg Zerg
  • League: Silver

VOD

Have the link to the VOD?

Description

Time

  • Played on: Dec. 4, 2015, 5:15 a.m.
  • Length: 6:51
Show
View Real Time Build Order
Export as new Build Order

Solipsis Terran 

Build Orders:  

Get SALT Encoding   

  12  0:01  SCV  
  13  0:13  SCV  
  14  0:18  Supply Depot  
  14  0:25  SCV  
  15  0:40  SCV  
  15  0:42  Barracks  
  16  0:51  Refinery  
  16  0:52  SCV  
  17  1:01  Supply Depot  
  17  1:04  SCV  
  18  1:21  SCV  
  19  1:33  Marine  
  20  1:41  SCV, Refinery  
  20  1:44  Barracks  
  21  1:53  SCV  
  22  2:05  SCV  
  23  2:14  Marine  
  24  2:17  SCV  
  24  2:22  Factory  
  25  2:39  Orbital Command  
  25  2:40  Supply Depot  
  25  2:44  Barracks Reactor, Barracks Tech Lab  
  25  3:05  Supply Depot  
  25  3:08  Factory Reactor  
  25  3:10  Stimpack  
  27  3:12  Marauder  
  27  3:20  SCV  
  28  3:29  Starport  
  28  3:34  Marine x2  
  29  3:35  Marauder  
  32  3:42  SCV  
  32  3:45  Hellion x2  
  37  3:57  Marine  
  37  3:58  Marine  
  37  3:59  Marauder  
  41  4:15  Supply Depot  
  41  4:17  Marine x2  
  41  4:20  Hellion x2  
  47  4:37  Marauder  
  47  4:42  Marine  
  47  4:43  Marine  
  47  4:45  Hellion  
  43  4:58  Marauder  
  45  5:00  Marine  
  45  5:05  Marine  
  47  5:18  Marine  
  47  5:20  Marauder  
  50  5:25  Marine  
  50  5:27  Hellion x2  
  55  5:32  Medivac  
  50  5:36  Marine  
  44  5:44  Command Center  
  44  5:53  Marine  
  44  5:54  Marine  
  44  5:55  Marine  
  43  6:00  SCV  
  44  6:06  Supply Depot  
  44  6:11  Starport Reactor  
  44  6:12  SCV  
  44  6:13  Marine  
  44  6:24  SCV, Marine x2  
Show
View Real Time Build Order
Export as new Build Order

Jack Zerg - Winner!

Build Orders: Hatch First, Muta Ling Bane 

Get SALT Encoding   

  12  0:01  Drone  
  13  0:09  Drone  
  14  0:36  Hatchery  
  13  0:52  Spawning Pool  
  13  0:55  Drone  
  13  0:58  Drone  
  14  1:07  Overlord  
  14  1:14  Extractor  
  14  1:16  Drone  
  14  1:26  Drone  
  14  1:29  Drone  
  16  1:39  Queen  
  18  1:41  Zergling x2  
  19  1:48  Queen  
  19  1:52  Drone  
  22  1:57  Drone  
  22  2:00  Drone  
  24  2:13  Drone  
  25  2:18  Lair  
  25  2:21  Drone  
  26  2:26  Overlord  
  26  2:29  Drone  
  27  2:36  Baneling Nest  
  26  2:40  Drone  
  26  2:42  Extractor  
  26  2:43  Zergling x2  
  27  2:55  Drone  
  27  2:56  Zergling x2  
  27  2:57  Drone  
  27  2:58  Drone  
  31  2:59  Drone  
  31  3:01  Drone  
  33  3:14  Zergling x2  
  33  3:15  Overlord  
  33  3:19  Drone  
  36  3:20  Drone  
  36  3:22  Overlord  
  36  3:34  Spire  
  36  3:37  Zergling x4  
  36  3:39  Baneling  
  37  3:45  Extractor  
  37  3:47  Drone x2  
  37  3:48  Drone, Extractor  
  38  3:51  Baneling  
  38  3:59  Drone  
  39  4:06  Drone  
  39  4:07  Drone  
  41  4:16  Drone x4  
  45  4:17  Overlord  
  45  4:19  Zergling x4  
  45  4:23  Baneling  
  47  4:27  Metabolic Boost  
  47  4:34  Centrifical Hooks  
  42  4:55  Mutalisk x3  
  48  5:11  Zergling x10  
  48  5:13  Zergling x10  
  48  5:14  Zergling x2  
  54  5:27  Zergling x4  
  54  5:28  Zergling x4  
  40  5:36  Zergling x2  
  41  5:47  Mutalisk x3  
  47  5:50  Zergling x2  
  47  5:56  Zergling x2  
Tags
 
Add a new tag
Caveats
  • Supply blocks, unpowered buildings, or Contaminate may cause inaccurate times.
  • Supply counts are checked every 10 seconds.